 Dungeon Crawl Stone Soup version 0.26.0-10-g1f06aea511 (webtiles) character file.

Game seed: 5142536508048120318

127 sanka the Covert (level 5, -2/52 HPs)
             Began as a Naga Delver on Jan 20, 2021.
             Slain by a gnoll
             ... wielding a +0 spear
              (3 damage)
             ... on level 5 of the Dungeon.
             The game lasted 00:02:50 (954 turns).

sanka the Covert (Naga Delver)                       Turns: 954, Time: 00:02:51

Health: -2/52      AC:  4    Str: 15    XL:     5   Next: 11%
Magic:  5/5        EV:  9    Int: 11    God:
Gold:   37         SH:  0    Dex: 12    Spells: 4/4 levels left

rFire    . . .     SeeInvis +   a - +0 hand axe
rCold    . . .     Faith    .   (no shield)
rNeg     . . .     Spirit   .   b - +1 leather armour
rPois    +         Reflect  .   (no helmet)
rElec    .         Harm     .   (no cloak)
rCorr    .         Rampage  .   (no gloves)
Will     .....                  (no barding)
Stlth    +++.......             (no amulet)
HPRegen  0.17/turn              (no ring)
MPRegen  0.09/turn              (no ring)

@: very slow
A: large, see invisible, deformed body, poison resistance, slowness 2, spit
poison 1, AC +1
a: Spit Poison


You were on level 5 of the Dungeon.
You visited 1 branch of the dungeon, and saw 2 of its levels.

You collected 37 gold pieces.


Innate Abilities, Weirdness & Mutations

You cannot wear boots.
Your serpentine skin is tough. (AC +1)
You have supernaturally acute eyesight. (SInv)
Armour fits poorly on your strangely shaped body.
Your system is resistant to poisons. (rPois)
You cover ground very slowly.
You can spit poison.


   Skills:
 + Level 5.2 Fighting
 - Level 2.0 Axes
 - Level 1.5 Dodging
 - Level 8.0 Stealth


You had 4 spell levels left.
You didn't know any spells.
Your spell library was empty.

Inventory:

Hand Weapons
 a - a +0 hand axe (weapon)
Armour
 b - a +1 leather armour (worn)
Wands
 g - a wand of digging (3)
 h - a wand of flame (23)
 k - a wand of random effects (18)
Scrolls
 c - a scroll of fog
 d - a scroll of magic mapping
Potions
 f - a potion of haste {@q3}
 i - a potion of might {unknown}

Dungeon Overview and Level Annotations

Branches:
Dungeon (5/15)
 Temple: D:4-7

Altars:
Dithmenos
Ru
Zin
The Shining One

▒▒▒▒........▒......
▒▒▒..▒▒...▒...▒......
▒.....▒..▒▒.......▒▒.
▒.......▒.......▒▒.
▒▒...<.▒▒.▒.....▒..
▒...............▒ .
▒▒..▒.÷.▒▒.......▒
▒▒g.▒.......g.....
▒.Ng....▒▒.
▒......... ..
▒........... .
▒.........▒▒
▒▒▒......▒▒ S........
▒▒......▒ ▒....▒▒
.▒.▒▒


You could see a water moccasin (asleep) and 2 gnolls.


Message History

The gnoll closely misses you. The gnoll closely misses you.
The gnoll hits you with a +0 halberd.
* * * LOW HITPOINT WARNING * * *
The gnoll hits you with a +0 spear.
* * * LOW HITPOINT WARNING * * *
You completely miss the gnoll.
The gnoll is moderately wounded.
You hit the gnoll. The gnoll hits you with a +0 halberd!
* * * LOW HITPOINT WARNING * * *
The gnoll hits you with a +0 spear!
* * * LOW HITPOINT WARNING * * *
You barely miss the gnoll.
The gnoll is moderately wounded.
You hit the gnoll but do no damage. The gnoll hits you with a +0 halberd.
* * * LOW HITPOINT WARNING * * *
The gnoll closely misses you.
You hit the gnoll.
The gnoll is heavily wounded.
You barely miss the gnoll. The gnoll barely misses you.
You closely miss the gnoll.
The gnoll is heavily wounded.
You hit the gnoll. The gnoll hits you with a +0 halberd.
* * * LOW HITPOINT WARNING * * *
The gnoll hits you with a +0 spear.
You die...

Action                   |  1- 3 |  4- 6 || total
-------------------------+-------+-------++-------
Melee: Hand axe          |     6 |    10 ||    16
 Abil: Spit Poison       |     7 |     5 ||    12
  Use: Scroll            |       |     2 ||     2
 Stab: Sleeping          |       |     1 ||     1
Armor: Leather armour    |       |     3 ||     3
Dodge: Dodged            |     1 |    16 ||    17

Levels and vault maps discovered:
D:4:      layout_basic, grunt_temple_overflow_cloverleaf
D:5:      layout_cave_pools, minmay_misc_feat_room, fedhas_altar_2

Notes
Turn   | Place    | Note
-------+----------+-------------------------------------------
     0 | D:5      | sanka the Naga Delver began the quest for the Orb.
     0 | D:5      | Reached XP level 1. HP: 21/21 MP: 1/1
    50 | D:5      | HP: 2/21 [worm (7)]
   374 | D:5      | Reached skill level 8 in Stealth
   374 | D:5      | Reached XP level 2. HP: 21/28 MP: 2/2
   478 | D:5      | Noticed a sky beast
   488 | D:5      | Killed a sky beast
   489 | D:5      | Reached skill level 4 in Fighting
   489 | D:5      | Reached XP level 3. HP: 29/38 MP: 3/3
   489 | D:5      | Reached XP level 4. HP: 35/45 MP: 4/4
   606 | D:4      | Reached skill level 5 in Fighting
   620 | D:4      | Found a glowing golden altar of the Shining One.
   670 | D:4      | Found a shadowy altar of Dithmenos.
   673 | D:4      | Found a glowing silver altar of Zin.
   683 | D:4      | Found a sacrificial altar of Ru.
   688 | D:4      | Reached XP level 5. HP: 52/52 MP: 5/5
   942 | D:5      | Noticed a water moccasin
   951 | D:5      | HP: 3/52 [gnoll/+0 spear (9)]
   952 | D:5      | HP: 1/52 [gnoll/+0 halberd (2)]
   954 | D:5      | Slain by a gnoll

Vanquished Creatures
  A sky beast (D:5)
  2 adders (D:4)
  An ooze (D:5)
  A worm (D:5)
  2 dart slugs
  A ball python (D:5)
  A frilled lizard (D:4)
  A quokka zombie (D:5)
10 creatures vanquished.

Table legend: (Time is in decaauts)
 A = Elapsed time spent in this place.
 B = Non-inter-level travel time spent in this place.
 C = Inter-level travel time spent in this place.
 D = Time resting spent in this place.
 E = Time spent auto-exploring this place.
 F = Levels seen in this place.
 G = Mean time per level.
                   A        B        C        D        E       F      G
               +--------+--------+--------+--------+--------+-----+--------+
         Total |   1062 |   1062 |      0 |    610 |     89 |   2 |  531.0 |
       Dungeon |   1062 |   1062 |      0 |    610 |     89 |   2 |  531.0 |
               +--------+--------+--------+--------+--------+-----+--------+

Top non-repeatable levels by time:
     D:5: 856 daAuts
     D:4: 206 daAuts
